 Dungeon Crawl Stone Soup version 0.31.0-12-g77e489cdc1 (webtiles) character file.

Game seed: 17873886295670017173

3422 PaiMei the Reanimator (level 9, 0/71 HPs)
             Began as a Demonspawn Necromancer on Feb 23, 2024.
             Slain by a centaur warrior (9 damage)
             ... on level 8 of the Dungeon.
             The game lasted 00:14:33 (8574 turns).

PaiMei the Reanimator (Demonspawn Necromancer)      Turns: 8574, Time: 00:14:33

Health: 0/71       AC:  7    Str:  9    XL:     9   Next: 76%
Magic:  0/18       EV: 14    Int: 20    God:
Gold:   184        SH:  0    Dex: 13    Spells: 8/21 levels left

rFire   + . .        y - +3 whip of the Viny God {protect, rF+}
rCold   . . .        (no shield)
rNeg    . . .        a - +0 robe
rPois   .            (no helmet)
rElec   .            C - +0 cloak
rCorr   .            (gloves unavailable)
SInv    .            t - +0 pair of boots
Will    .....        h - amulet of magic regeneration
Stlth   ++           (no ring)
HPRegen 0.31/turn    (no ring)
MPRegen 0.72/turn

%: guardian spirit
@: no status effects
A: yellow scales 2, magic shield, magic regeneration, demonic touch 3
a: no special abilities


You were on level 8 of the Dungeon.
You visited 1 branch of the dungeon, and saw 8 of its levels.

You collected 437 gold pieces.
You spent 253 gold pieces at shops.

Inventory:

Hand Weapons
 f - a +1 heavy trident
 y - the +3 whip of the Viny God (weapon) {protect, rF+}
   (You found it on level 4 of the Dungeon)

   rF+:       It protects you from fire.
 A - the +6 mace of Slow Death {antimagic, Dex+2}
   (You bought it in a shop on level 2 of the Dungeon)

   Dex+2:     It affects your dexterity (+2).
 D - a +2 mace of protection
 M - a +2 trident of protection
Missiles
 c - 11 poisoned darts (quivered)
Armour
 a - a +0 robe (worn)
 e - a +0 hat
 t - a +0 pair of boots (worn)
 C - a +0 cloak (worn)
Jewellery
 h - an amulet of magic regeneration (around neck)
 k - an amulet of reflection
 w - an amulet of regeneration
 H - the ring "Tutivah" {Fly rN+ Str-4 Int+2 Dex+7}
   (You found it on level 7 of the Dungeon)

   [ring of flight]

   Str-4:     It affects your strength (-4).
   Int+2:     It affects your intelligence (+2).
   Dex+7:     It affects your dexterity (+7).
   rN+:       It protects you from negative energy.
   Fly:       It grants you flight.
 J - a ring of poison resistance
 K - a ring of fire
Wands
 s - a wand of mindburst (12)
 E - a wand of iceblast (6)
Scrolls
 d - a scroll of poison {unknown}
 g - 2 scrolls of revelation {unknown}
 l - 7 scrolls of enchant armour
 o - 5 scrolls of teleportation
 q - a scroll of amnesia {unknown}
 u - 2 scrolls of vulnerability {unknown}
 v - 3 scrolls of fear
 B - a scroll of noise {unknown}
 F - a scroll of acquirement {unknown}
 G - a scroll of identify
Potions
 b - 2 potions of magic
 i - 4 potions of curing
 j - 2 potions of cancellation
 m - a potion of brilliance {unknown}
 n - 3 potions of might
 p - 3 potions of mutation
 r - 3 potions of heal wounds
 x - a potion of lignification {unknown}
 z - a potion of resistance {unknown}
 N - a potion of degeneration {unknown}
Miscellaneous
 I - a lightning rod (4/4)
 L - a box of beasts (inert)


   Skills:
 + Level 6.7 Fighting
 + Level 6.6 Dodging
 - Level 2.1 Stealth
 + Level 6.6 Spellcasting
 + Level 8.8 Necromancy


You had 8 spell levels left.
You knew the following spells:

 Your Spells              Type           Power      Damage    Failure   Level
a - Necrotise             Necr           100%       1d9       1%          1
b - Vampiric Draining     Necr           42%        2d9       1%          3
c - Animate Dead          Necr           42%        N/A       2%          4
d - Curse of Agony        Necr           42%        N/A       7%          5

Your spell library contained the following spells:

 Spells                   Type           Power      Damage    Failure   Level
 Sublimation of Blood     Necr           42%        N/A       1%          2
 Magic Dart               Conj           24%        1d4       10%         1
 Slow                     Hex            24%        N/A       10%         1
 Blink                    Tloc           12%        N/A       16%         2
 Call Imp                 Summ           12%        N/A       16%         2
 Ensorcelled Hibernation  Hex/Ice        12%        N/A       16%         2
 Anguish                  Hex/Necr       12%        N/A       16%         4
 Sigil of Binding         Hex            6%         N/A       30%         3
 Cause Fear               Hex            3%         N/A       69%         4
 Enfeeble                 Hex            3%         N/A       100%        7
 Summon Hydra             Summ           3%         N/A       100%        7


Dungeon Overview and Level Annotations

Branches:
Dungeon (8/15)             Temple (0/1) D:5
   Lair: D:8-11

Altars:
Ashenzari
Dithmenos
Fedhas
Hepliaklqana
Nemelex Xobeh
Qazlal

Shops:
D:2 (   D:5 ?

Annotations:
D:4 3 runed translucent doors, Tripartite's ghost, amateur OpSh
D:8 4 runed translucent doors


Innate Abilities, Weirdness & Mutations

You are mostly covered in yellow scales. (AC +3)
When hurt, damage is shared between your health and your magic reserves.
You regenerate magic rapidly.
Your touch may irresistibly damage your foes and sap their willpower.


Message History

The arrow closely misses you.
Casting: Vampiric Draining (safe; 1% risk of failure)
Confirm with . or Enter, or press ? or * to list all spells.
Aiming: Vampiric Draining (safe; 1% risk of failure)
Press: ? - help, Shift-Dir - straight line, f/p - bullfrog
Aim: a bullfrog (almost dead)
You draw life force from the bullfrog.
You kill the bullfrog!
You feel life coursing into your body.
The centaur warrior shoots an arrow.
The arrow completely misses you.
The centaur warrior shoots an arrow.
The arrow hits you!
The centaur warrior unwields a +0 shortbow.
The centaur warrior hits you but does no damage.
The centaur warrior kicks you.
Casting: Vampiric Draining (safe; 1% risk of failure)
Confirm with . or Enter, or press ? or * to list all spells.
You don't have enough magic to cast this spell.
Casting: Vampiric Draining (safe; 1% risk of failure)
Confirm with . or Enter, or press ? or * to list all spells.
You don't have enough magic to cast this spell.
Casting: Vampiric Draining (safe; 1% risk of failure)
Confirm with . or Enter, or press ? or * to list all spells.
You don't have enough magic to cast this spell.
Casting: Vampiric Draining (safe; 1% risk of failure)
Confirm with . or Enter, or press ? or * to list all spells.
You don't have enough magic to cast this spell.
Casting: Vampiric Draining (safe; 1% risk of failure)
Confirm with . or Enter, or press ? or * to list all spells.
You don't have enough magic to cast this spell.
You barely miss the centaur warrior. Your touch misses the centaur warrior.
The centaur warrior hits you!
The centaur warrior kicks you but does no damage.
The centaur warrior hits you!
* * * LOW HITPOINT WARNING * * *
The centaur warrior kicks you.
* * * LOW HITPOINT WARNING * * *
You open the lid... ...and a larval firesting beast leaps out!
The box is emptied!
The centaur warrior hits you!
You die...

#.######.# .8#.###.###
#..#.....## ##.###.###
#........# #.........
##...###'# #+###.).#^
#..##.#.### ##.)..
#..#.#.##:# #)#)#
#..#.###.. #)#..
##.#.#Hc# #....
#.#.#@##!# #....
#.##....#### ##.#..
#..######..######..#..
##................##..
#############........
#.#####.. #.# # #)#
#)#


You could see a centaur warrior (ally target) and a friendly larval firesting
beast (summoned).

Vanquished Creatures
  A troll (D:7)
  2 hornets
  Grinder (D:4)
  A slime creature (D:7)
  An acid dragon (D:7)
  A water moccasin (D:6)
  A black bear (D:4)
  3 orc warriors
  2 ice beasts
  A sky beast (D:8)
  A centaur (D:6)
  An ogre (D:5)
  2 kobold brigands
  3 bullfrogs
  A scorpion (D:5)
  A killer bee (D:7)
  2 howler monkeys
  3 orc priests
  2 bombardier beetles
  5 hounds
  A sleepcap (D:7)
  2 gnoll boudas
  6 iguanas
  5 orc wizards
  7 gnolls
  5 adders
  2 white imps (D:6)
  A dart slug (D:5)
  27 orcs
  3 ball pythons
  6 endoplasms
  2 giant cockroaches
  8 goblins
  3 hobgoblins
  7 jackals
  5 quokkas
  4 bats
  3 frilled lizards
  15 kobolds
  7 rats
154 creatures vanquished.

Vanquished Creatures (collateral kills)
  An adder (D:2)
  A ribbon worm (D:2)
  An orc (D:4)
  A ball python (D:2)
  2 hobgoblins
  A frilled lizard (D:2)
  A rat (D:2)
8 creatures vanquished.

Grand Total: 162 creatures vanquished

Notes
Turn   | Place    | Note
-------+----------+-------------------------------------------
     0 | D:1      | PaiMei the Demonspawn Necromancer began the quest for the
                  | Orb.
     0 | D:1      | Reached XP level 1. HP: 13/13 MP: 3/3
   194 | D:1      | Gained mutation: You are partially covered in yellow
                  | scales. (AC +2) [demonic ancestry]
   194 | D:1      | Reached XP level 2. HP: 15/19 MP: 3/5
   975 | D:1      | Gained mutation: Your touch may inflict minor irresistible
                  | damage on your foes. [demonic ancestry]
   975 | D:1      | Reached XP level 3. HP: 21/25 MP: 3/6
  1306 | D:1      | Reached skill level 1 in Fighting
  1695 | D:2      | Gained mutation: You are mostly covered in yellow scales.
                  | (AC +3) [demonic ancestry]
  1695 | D:2      | Reached XP level 4. HP: 32/32 MP: 5/7
  1923 | D:2      | Reached skill level 5 in Necromancy
  1978 | D:2      | Found Zelo's Antique Weapon Emporium.
  2171 | D:3      | Found a broken altar of Ashenzari.
  2491 | D:3      | Found a shadowy altar of Dithmenos.
  2492 | D:3      | Found a stormy altar of Qazlal.
  2708 | D:3      | Gained mutation: Your touch may inflict irresistible damage
                  | on your foes. [demonic ancestry]
  2708 | D:3      | Reached XP level 5. HP: 38/38 MP: 7/9
  2997 | D:4      | Noticed Grinder
  3016 | D:4      | Found a runed translucent gate.
  3016 | D:4      | Found a runed translucent gate.
  3016 | D:4      | Found a runed translucent gate.
  3017 | D:4      | Noticed Tripartite's ghost (amateur OpSh)
  3424 | D:4      | Noticed a black bear
  3430 | D:4      | Killed a black bear
  3431 | D:4      | Reached XP level 6. HP: 36/46 MP: 4/11
  3545 | D:4      | Identified the +3 whip of the Viny God {protect, rF+}
  3560 | D:4      | Paralysed by Grinder for 3 turns
  3583 | D:4      | Paralysed by Grinder for 3 turns
  3588 | D:4      | Killed Grinder
  3589 | D:4      | Reached skill level 6 in Necromancy
  3589 | D:4      | Gained mutation: Your touch may irresistibly damage your
                  | foes and sap their willpower. [demonic ancestry]
  3589 | D:4      | Reached XP level 7. HP: 50/52 MP: 12/12
  3656 | D:4      | Found a sparkling altar of Nemelex Xobeh.
  3917 | D:2      | Bought an iridescent mace for 176 gold pieces
  3917 | D:2      | Identified the +6 mace of Slow Death {antimagic, Dex+2}
                  | (You bought it in a shop on level 2 of the Dungeon)
  4018 | D:5      | Entered Level 5 of the Dungeon
  4225 | D:5      | Learned a level 3 spell: Vampiric Draining
  4670 | D:5      | Found Affoz's Magic Scroll Boutique.
  4689 | D:5      | Gained mutation: You regenerate magic rapidly. [demonic
                  | ancestry]
  4689 | D:5      | Reached XP level 8. HP: 43/60 MP: 0/14
  4768 | D:5      | Found a staircase to the Ecumenical Temple.
  5116 | D:6      | Found a blossoming altar of Fedhas.
  5332 | D:6      | Reached skill level 7 in Necromancy
  5520 | D:6      | Reached skill level 5 in Spellcasting
  5923 | D:5      | Reached skill level 5 in Dodging
  5929 | D:5      | Bought a scroll of teleportation for 33 gold pieces
  5929 | D:5      | Bought a scroll of fear for 44 gold pieces
  6076 | D:7      | Reached skill level 5 in Fighting
  6229 | D:7      | Noticed a hornet
  6236 | D:7      | Killed a hornet
  6268 | D:7      | Noticed a troll
  6276 | D:7      | Killed a troll
  6277 | D:7      | Gained mutation: When hurt, damage is shared between your
                  | health and your magic reserves. [demonic ancestry]
  6277 | D:7      | Reached XP level 9. HP: 28/68 MP: 8/17
  6419 | D:7      | Noticed a gargoyle
  7110 | D:7      | Reached skill level 8 in Necromancy
  7451 | D:6      | Learned a level 4 spell: Animate Dead
  7457 | D:6      | Learned a level 5 spell: Curse of Agony
  7659 | D:7      | Identified the ring "Tutivah" {Fly rN+ Str-4 Int+2 Dex+7}
  7669 | D:7      | Got the Quarto of Doom
  7964 | D:7      | Found a hazy altar of Hepliaklqana.
  8413 | D:8      | Found a large runed translucent door.
  8413 | D:8      | Found a large runed translucent door.
  8532 | D:8      | Found a large runed translucent door.
  8533 | D:8      | Found a large runed translucent door.
  8565 | D:8      | Noticed a centaur warrior
  8574 | D:8      | Slain by a centaur warrior

Illustrated notes

Levels and vault maps discovered:
D:1:      minmay_arrival_semitransparent, layout_rooms,
          minmay_misc_feat_pillars, minmay_misc_feat_cross,
          grunt_decor_mini_mirrors, minmay_pentomino_w4
D:2:      layout_rooms, serial_shops, nicolae_shop_hallway_plus
D:3:      layout_loops_corners, evilmike_ruin_ashenzari,
          grunt_temple_overflow_open
D:4:      layout_basic, nemelex_diamond_rough_becter, ebering_ghost_rock_garden,
          uniq_grinder
D:5:      layout_basic, temple_doors_e, nicolae_take_the_stairs,
          minmay_checkerbox
D:6:      cheibrodos_fertilizer, layout_cave_pods, fedhas_altar_fruit_tree
D:7:      minmay_the_grid_square_5x5_3x3 [minmay_the_grid_square_5x5_forky,
          minmay_the_grid_square_5x5_bridge, minmay_the_grid_square_5x5_minibox,
          minmay_the_grid_square_5x5_inner_z,
          minmay_the_grid_square_5x5_megaprize_crossed,
          minmay_the_grid_square_5x5_detours,
          minmay_the_grid_square_5x5_checkered_sparse,
          minmay_the_grid_square_5x5_longway,
          minmay_the_grid_square_5x5_three_small], layout_layer_cave,
          mainiacjoe_overflow_24_doors, mrwooster_statue_mirror
D:8:      layout_loops_ring, gammafunk_temple_overflow_pools, serial_aquarium,
          aquarium_bridge_long_joined [aquarium_subvault_wall,
          aquarium_subvault_bridge, aquarium_subvault_window,
          aquarium_subvault_bridge, aquarium_subvault_wall,
          aquarium_subvault_bridge], aquarium_window_fake, aquarium_window_3,
          aquarium_view_2b, aquarium_balcony_3b, aquarium_pool_four,
          minmay_hollow_rounded_squares, uniq_gastronok

Skill      XL: |  1  2  3  4  5  6  7  8  9 |
---------------+----------------------------+-----
Stealth        | 2 |  2.1
Dodging        | 2 3 4 5 6 |  6.6
Fighting       | 1 2 3 4 5 6 |  6.7
Necromancy     | 5 6 7 8 |  8.8
Spellcasting   | 3 4 5 6 |  6.6

Action                     |  1- 3 |  4- 6 |  7- 9 || total
---------------------------+-------+-------+-------++-------
  Melee: Falchion          |    33 |       |       ||    33
         Dagger            |     7 |    18 |       ||    25
         Touch             |     1 |     4 |    13 ||    18
         Whip              |       |       |    56 ||    56
         Punch             |       |       |     2 ||     2
   Cast: Necrotise         |    58 |    78 |   156 ||   292
         Vampiric Draining |       |       |    85 ||    85
  Evoke: Wand              |       |     8 |       ||     8
         Box of beasts     |       |       |     1 ||     1
    Use: Scroll            |       |       |     6 ||     6
 Armour: Robe              |    37 |    31 |   166 ||   234
  Dodge: Dodged            |    62 |    38 |   156 ||   256
